 Dungeon Crawl Stone Soup version 0.30.0-17-ge0270778cf (webtiles) character file.

Game seed: 5898812430871330407

4 nicky the Magician (level 1, 0/13 HPs)
             Began as a Human Hedge Wizard on May 21, 2023.
             Slain by a goblin
             ... wielding a +0 club
              (1 damage)
             ... on level 1 of the Dungeon.
             The game lasted 00:03:16 (121 turns).

nicky the Magician (Human Hedge Wizard)              Turns: 121, Time: 00:03:17

Health: 0/13       AC:  2    Str: 10    XL:     1   Next: 66%
Magic:  4/4        EV: 12    Int: 14    God:
Gold:   16         SH:  0    Dex: 12    Spells: 5/6 levels left

rFire   . . .        a - +0 dagger
rCold   . . .        (no shield)
rNeg    . . .        b - +0 robe
rPois   .            c - +0 hat
rElec   .            (no cloak)
rCorr   .            (no gloves)
SInv    .            (no boots)
Will    .....        (no amulet)
Stlth   ++           (no ring)
HPRegen 0.22/turn    (no ring)
MPRegen 0.09/turn

%: no passive effects
@: no status effects
A: no striking features
a: no special abilities


You were on level 1 of the Dungeon.
You visited 1 branch of the dungeon, and saw 1 of its levels.

You collected 16 gold pieces.

Inventory:

Hand Weapons
 a - a +0 dagger (weapon)
Armour
 b - a +0 robe (worn)
 c - a +0 hat (worn)
Potions
 d - a potion of magic


   Skills:
 + Level 2.0 Dodging
 + Level 2.3 Stealth
 + Level 3.0 Spellcasting
 + Level 1.0 Conjurations
 + Level 1.0 Summonings
 + Level 1.0 Translocations


You had 5 spell levels left.
You knew the following spells:

 Your Spells              Type           Power      Damage    Failure   Level
a - Magic Dart            Conj           16%        1d3       14%         1

Your spell library contained the following spells:

 Spells                   Type           Power      Damage    Failure   Level
 Slow                     Hex            8%         N/A       22%         1
 Blink                    Tloc           8%         N/A       22%         2
 Call Imp                 Summ           8%         N/A       22%         2
 Cigotuvi's Dreadful Rot  Necr/Pois/Air  4%         N/A       32%         2
 Mephitic Cloud           Conj/Pois/Air  3%         N/A       50%         3


Dungeon Overview and Level Annotations

Branches:
Dungeon (1/15)

Altars:


Message History

You completely miss the hobgoblin. The hobgoblin hits you.
The hobgoblin barely misses you.
You closely miss the hobgoblin. The hobgoblin closely misses you. x2
You hit the hobgoblin but do no damage. The hobgoblin barely misses you.
The hobgoblin hits you.
You hit the hobgoblin.
The hobgoblin is almost dead.
The hobgoblin hits you but does no damage.
The hobgoblin hits you.
You closely miss the hobgoblin.
The hobgoblin is almost dead.
The hobgoblin hits you.
* * * LOW HITPOINT WARNING * * *
The hobgoblin barely misses you.
You hit the hobgoblin.
You kill the hobgoblin!
The hobgoblin hits you but does no damage.
The frilled lizard hisses angrily.
A goblin comes into view. It is wielding a +0 club.
An endoplasm comes into view.
Found a robe.
The hobgoblin completely misses you. The frilled lizard bites you.
* * * LOW HITPOINT WARNING * * *
A goblin comes into view. It is wielding a +0 dagger.
The frilled lizard closely misses you.
The hobgoblin hits you but does no damage.
The goblin shouts! x2; You hear an angry hiss. x3
A frilled lizard and a goblin come into view.
A ball python comes into view.
The goblin hits you but does no damage.
You hit the goblin.
You kill the goblin!
The goblin hits you with a +0 club.
* * * LOW HITPOINT WARNING * * *
The frilled lizard closely misses you. The hobgoblin barely misses you.
The frilled lizard attacks as you move away!
The frilled lizard closely misses you.
Found 11 gold pieces.
The goblin hits you with a +0 club.
You die...

#.# #.# #.#
############# #.#
##...?.#.....##
#.#######.............#
#.....##.........[.....
#.....##.).............
#.....##......g....l...
#............l.@.......
#...>.#......g.........
#.....†.....>......S...
###.##.##..............
####.##.##.........g..#$
..........##.###.###..#
..........##.# #.# #.#
..........##.# #.. ..
..........# .#


You could see a hobgoblin, 2 goblins, a ball python and 2 frilled lizards.

Vanquished Creatures
  A goblin (D:1)
  2 hobgoblins (D:1)
3 creatures vanquished.

Notes
Turn   | Place    | Note
-------+----------+-------------------------------------------
     0 | D:1      | nicky the Human Hedge Wizard began the quest for the Orb.
     0 | D:1      | Reached XP level 1. HP: 13/13 MP: 4/4
   121 | D:1      | Slain by a goblin

Illustrated notes

Levels and vault maps discovered:
D:1:      tarquinn_simple_flora_water_a, layout_rooms

Action                     || total
---------------------------++-------
  Melee: Dagger            ||    24
 Armour: Robe              ||     4
  Dodge: Dodged            ||    18
